 Dungeon Crawl Stone Soup version 0.25-a0-1133-g93ebf73 (webtiles) character file.

Game seed: 11303699678338276318, levelgen mode: deterministic

11930 Ayyar the Cleaver (level 11, -2/107 HPs)
             Began as a Hill Orc Monk on May 21, 2020.
             Was a High Priest of Beogh.
             Killed from afar by an electric eel (14 damage)
             ... with a bolt of electricity
             ... on level 10 of the Dungeon.
             The game lasted 00:43:19 (12533 turns).

Ayyar the Cleaver (Hill Orc Monk)                  Turns: 12533, Time: 00:43:20

Health: -2/107     AC: 13    Str: 18    XL:     11   Next: 85%
Magic:  14/14      EV:  9    Int: 10    God:    Beogh [*****.]
Gold:   652        SH:  5    Dex: 13    Spells: 10/10 levels left

rFire    . . .     SeeInvis .   n - +3 hand axe (freeze)
rCold    + . .     Gourm    .   (no shield)
rNeg     . . .     Faith    .   D - +2 chain mail {rC+}
rPois    .         Spirit   .   (no helmet)
rElec    .         Reflect  +   o - scarf {repulsion}
rCorr    .         Harm     .   (no gloves)
MR       .....                  (no boots)
Stlth    ..........             i - amulet of reflection
HPRegen  0.27/turn              (no ring)
MPRegen  0.14/turn              (no ring)

@: repel missiles
A: walk on water
a: Smiting, Recall Orcish Followers, Give Item to Named Follower, Renounce
Religion


You were on level 10 of the Dungeon.
You worshipped Beogh.
Beogh was extremely pleased with you.
You were not hungry.

You visited 1 branch of the dungeon, and saw 10 of its levels.

You collected 708 gold pieces.
You spent 56 gold pieces at shops.

Inventory:

Hand Weapons
 n - a +3 hand axe of freezing (weapon)
 v - a +2 whip of flaming
 x - a +0 war axe
Missiles
 r - 11 boomerangs
 A - 56 poisoned darts
 E - 5 javelins (quivered)
Armour
 f - a +0 plate armour
 o - a scarf of repulsion (worn)
 D - a +2 chain mail of cold resistance (worn)
 M - the cursed +1 robe "Ymaggus" {Dex+3 SInv, unknown}
   (You found it on level 9 of the Dungeon)

   It affects your dexterity (+3).
   It lets you see invisible.
   It has a curse placed upon it.
Jewellery
 i - an amulet of reflection (around neck)
Wands
 a - a wand of acid (9)
 l - a wand of polymorph (8)
 t - a wand of disintegration (10)
 u - a wand of random effects (37)
Scrolls
 k - 3 scrolls of remove curse {unknown}
 m - 4 scrolls of identify
 p - 8 scrolls of teleportation {unknown}
 q - 2 scrolls of enchant armour {unknown}
 s - a scroll of amnesia {unknown}
 y - a scroll of fog
 B - a scroll of fear {unknown}
 C - a scroll of immolation {unknown}
 F - 2 scrolls of noise {unknown}
 G - a scroll of magic mapping {unknown}
 H - a scroll of vulnerability {unknown}
 K - a scroll of enchant weapon {unknown}
Potions
 b - 2 potions of ambrosia
 d - 3 potions of brilliance
 g - a potion of flight {unknown}
 h - a potion of curing
 j - a potion of cancellation
 w - a potion of haste {unknown}
 z - a potion of mutation {unknown}
 I - a potion of heal wounds {unknown}
Miscellaneous
 J - a tin of tremorstones (3/3)
Comestibles
 c - 21 rations


   Skills:
 + Level 13.1 Fighting
 - Level 14.0 Axes
 - Level 4.0 Throwing
 - Level 8.7 Armour
 - Level 3.0 Dodging
 - Level 2.0 Stealth
 - Level 4.0 Invocations


You had 10 spell levels left.
You didn't know any spells.
Your spell library contained the following spells:

 Spells                   Type           Power        Failure   Level  Hunger
 Shock                    Conj/Air       #...         98%         1    ##.....
 Swiftness                Chrm/Air       #.......     99%         2    ###....
 Static Discharge         Conj/Air       #.......     100%        3    ####...
 Airstrike                Air            #.........   100%        4    #####..
 Lightning Bolt           Conj/Air       #.........   100%        5    ######.


Dungeon Overview and Level Annotations

Branches:
Dungeon (10/15)            Temple (0/1) D:7             Orc (0/2) D:9
   Lair: D:8-11

Altars:
Ashenzari
Dithmenos
Elyvilon
Fedhas
Gozag
Hepliaklqana
Kikubaaqudgha
Makhleb
Nemelex Xobeh
Okawaru
Ru
Trog
Uskayaw
Vehumet
Xom
Zin
The Shining One

Shops:
D:5 *

Annotations:
D:2 Sigmund
D:10 Erolcha


Message History

Erolcha seems to speed up.
You block the centaur's attack. The hound bites your orc wizard.
The yak gores your orc wizard!
Your orc wizard dies!
Ognian completely misses the hound.
Ognian closely misses the electric eel.
Your orc wizard points at the centaur and mumbles some strange words.
The puff of frost hits the centaur!
An electric eel comes into view.
Your orc wizard gestures wildly while chanting.
Your orc wizard blinks!
You swap places.
Erolcha hits your orc priest with a +0 giant club!!
Your orc priest dies!
The hound bites your orc knight.
Your orc warrior hits the electric eel with a +0 dire flail!!
The yak gores you but does no damage.
Your orc wizard casts a spell.
Your orc wizard blinks!
The electric eel shoots out a bolt of lightning at you!
The bolt of electricity hits you!
You die...

....≈≈≈≈≈≈≈≈≈...
..≈≈≈≈≈.≈≈≈≈≈...
..≈..≈.≈≈;o.≈....
.......≈...≈§≈...
.......;..÷.....
......[oo)÷.....
#.....(h.oo#.##
##.#...o)Y[...##.
##..#@).......
#...##oOY.....
..... #(co.....
...#... ...##....
............ .##.
#............ #
#.........?..
...........
...........(.


You could see Erolcha (fast), 2 yaks, a centaur, a hound, 2 electric eels, a
friendly orc knight, 2 friendly orc warriors, the friendly Ognian the orc
warrior, a friendly orc wizard (fast) and 3 friendly orcs.

Vanquished Creatures
  A two-headed ogre (D:9)
  Pikel (D:4)
  A hungry ghost (D:9)
  A warg (D:9)
  An ice beast (D:8)
  2 orc warriors (D:9)
  4 sky beasts
  2 slaves (D:4)
  A wolf (D:10)
  4 ogres
  3 centaurs
  A crocodile (D:9)
  3 big kobolds
  2 bullfrogs
  A gnoll sergeant (D:7)
  A wyvern skeleton (D:9)
  2 wights (D:9)
  4 killer bees (D:6)
  A howler monkey (D:9)
  A bullfrog zombie (D:7)
  2 centaur zombies
  5 jellies
  3 hounds
  3 orc priests
  3 orc wizards
  Ijyb (D:4)
  Terence (D:1)
  3 iguanas
  6 worker ants
  A hound skeleton (D:6)
  A howler monkey zombie (D:6)
  2 worker ant zombies (D:5)
  5 gnolls
  11 adders
  4 shadow imps
  7 oozes
  An adder zombie (D:7)
  An adder skeleton (D:4)
  4 worms
  4 dart slugs
  8 leopard geckos
  22 orcs
  8 bats
  9 giant cockroaches
  6 goblins
  6 hobgoblins
  19 jackals
  15 kobolds
  6 quokkas
  7 frilled lizards
  A leopard gecko zombie (D:7)
  A quokka skeleton (D:4)
  A quokka zombie (D:7)
  9 rats
223 creatures vanquished.

Vanquished Creatures (collateral kills)
  A two-headed ogre (D:9)
  4 yaks (D:10)
  An ogre (D:10)
  A black bear (D:9)
  2 phantoms
  3 centaurs
  2 scorpions (D:7)
  2 wights (D:9)
  A crimson imp (D:7)
  4 hounds
  An orc priest (D:8)
  An iguana (D:9)
  A bullfrog skeleton (D:7)
  5 orc wizards
  2 gnolls (D:7)
  An adder (D:8)
  A shadow imp (D:7)
  2 orcs (D:9)
  A giant cockroach (D:7)
  A jackal (D:8)
  5 kobolds
  A quokka skeleton (D:7)
  A plant (D:7)
44 creatures vanquished.

Vanquished Creatures (others)
  A yak (D:10)
  An orc warrior (D:10)
  A hound (D:10)
  3 orc priests
  3 orc wizards (D:10)
  9 orcs
  A frilled lizard (D:4)
19 creatures vanquished.

Grand Total: 286 creatures vanquished

Notes
Turn   | Place    | Note
-------+----------+-------------------------------------------
     0 | D:1      | Ayyar the Hill Orc Monk began the quest for the Orb.
     0 | D:1      | Reached XP level 1. HP: 19/19 MP: 1/1
    39 | D:1      | Reached XP level 2. HP: 23/27 MP: 2/2
   340 | D:1      | Reached XP level 3. HP: 28/33 MP: 3/3
  1099 | D:1      | Reached skill level 1 in Armour
  1099 | D:1      | Reached XP level 4. HP: 12/40 MP: 4/4
  1387 | D:1      | Reached skill level 5 in Axes
  1707 | D:2      | Found a hide-covered altar of Uskayaw.
  1752 | D:2      | Noticed Terence
  1807 | D:1      | Killed Terence
  1807 | D:1      | Reached XP level 5. HP: 37/47 MP: 5/5
  2068 | D:2      | Noticed Sigmund
  2334 | D:2      | Found an opulent altar of Gozag.
  2371 | D:2      | Found a hazy altar of Hepliaklqana.
  3257 | D:3      | Found an iron altar of Okawaru.
  3262 | D:3      | Found a sacrificial altar of Ru.
  3408 | D:3      | Found a shadowy altar of Dithmenos.
  3724 | D:4      | Reached skill level 6 in Axes
  3745 | D:4      | Noticed a sky beast
  3763 | D:4      | Killed a sky beast
  3763 | D:4      | Reached skill level 5 in Fighting
  3763 | D:4      | Reached XP level 6. HP: 20/56 MP: 6/6
  3963 | D:4      | Found a sparkling altar of Nemelex Xobeh.
  4110 | D:4      | Reached skill level 1 in Throwing
  4121 | D:4      | HP: 2/56 [ogre/+0 giant club (17)]
  4450 | D:4      | Found a shimmering altar of Xom.
  4475 | D:4      | Noticed a slave
  4478 | D:4      | Noticed a slave
  4488 | D:4      | Killed a slave
  4493 | D:4      | Killed a slave
  4504 | D:4      | Noticed a slave
  4505 | D:4      | Noticed Pikel
  4506 | D:4      | Noticed a slave
  4528 | D:4      | Killed Pikel
  4528 | D:4      | Reached skill level 8 in Axes
  4528 | D:4      | Reached XP level 7. HP: 13/63 MP: 7/7
  4528 | D:4      | Reached XP level 8. HP: 15/70 MP: 8/8
  4736 | D:4      | Found a burning altar of Makhleb.
  4788 | D:4      | Found a shattered altar of Ashenzari.
  4798 | D:4      | Noticed Ijyb
  4809 | D:4      | Killed Ijyb
  4915 | D:4      | Found a radiant altar of Vehumet.
  5083 | D:5      | Entered Level 5 of the Dungeon
  5182 | D:5      | Became a worshipper of Beogh the Brigand
  5182 | D:5      | Reached * piety under Beogh
  5182 | D:5      | Reached ** piety under Beogh
  5353 | D:5      | Found Dycum's General Store.
  5357 | D:5      | Bought a scroll of identify for 28 gold pieces
  5357 | D:5      | Bought a scroll of fog for 28 gold pieces
  5537 | D:5      | Found a glowing silver altar of Zin.
  5538 | D:5      | Found a glowing golden altar of the Shining One.
  5539 | D:5      | Found a white marble altar of Elyvilon.
  5719 | D:5      | Reached skill level 9 in Axes
  6268 | D:6      | Found a blossoming altar of Fedhas.
  6611 | D:6      | Reached skill level 1 in Invocations
  6653 | D:6      | Reached skill level 5 in Armour
  6978 | D:6      | Reached XP level 9. HP: 78/78 MP: 10/10
  6990 | D:6      | Reached *** piety under Beogh
  6993 | D:6      | Reached skill level 10 in Axes
  7524 | D:7      | Found a staircase to the Ecumenical Temple.
  7553 | D:7      | Found an iron altar of Okawaru.
  8457 | D:7      | Found a glowing silver altar of Zin.
  8580 | D:7      | Gained Spirok as an ally
  8611 | D:7      | Reached skill level 11 in Axes
  8683 | D:7      | Your ally Spirok died
  8692 | D:7      | Gained Ognian as an ally
  9328 | D:8      | Found an ancient bone altar of Kikubaaqudgha.
  9372 | D:8      | Reached **** piety under Beogh
  9692 | D:8      | Found a bloodstained altar of Trog.
  9709 | D:8      | Reached skill level 12 in Axes
 10181 | D:9      | Found a staircase to the Orcish Mines.
 10184 | D:9      | Reached XP level 10. HP: 32/90 MP: 13/13
 11081 | D:9      | Reached skill level 13 in Axes
 11692 | D:9      | Got a thick robe
 11810 | D:9      | Noticed a two-headed ogre
 11823 | D:9      | Killed a two-headed ogre
 11823 | D:9      | Reached ***** piety under Beogh
 12237 | D:10     | Entered Level 10 of the Dungeon
 12237 | D:10     | Noticed a two-headed ogre
 12243 | D:10     | Noticed Erolcha
 12243 | D:10     | Reached skill level 14 in Axes
 12248 | D:10     | Reached skill level 10 in Fighting
 12258 | D:9      | Killed a two-headed ogre
 12532 | D:10     | Reached XP level 11. HP: 12/107 MP: 14/14
 12533 | D:10     | Killed from afar by an electric eel

Illustrated notes

Levels and vault maps discovered:
D:1:      saegor_arrival_simple_a, layout_loops_ring
D:2:      layout_basic, lemuel_round_altar, nicolae_overflow_crystal_walls,
          nicolae_gozag_cash_rules_everything_around_me, uniq_sigmund,
          uniq_terence
D:3:      layout_loops_corners, lemuel_coloured_pillars_altar,
          grunt_temple_overflow_open, chequers_serial_rivers_micro_c
D:4:      layout_loops_cross, nemelex_xobeh_ov_fountains_minmay,
          overflow_temple_1_default, lemuel_crystal_altar,
          cheibrodos_ashenzari_chains, old_standard_altar, first_ration,
          uniq_ijyb, uniq_pikel
D:5:      layout_loops_ring, good_gods_temple_1, serial_bayou,
          serial_bayou_pond_a, serial_bayou_pond_d, serial_bayou_crossing,
          serial_bayou_pond_b, serial_shops, nicolae_shop_trees,
          grunt_ministairs_7
D:6:      layout_loops_ring, fedhas_altar_2
D:7:      layout_cave_pods, minmay_temple_entry_statues_pillars, serial_park,
          serial_park_square3 [serial_park_minivault_5x5_6], serial_park_tiny_2,
          serial_park_square3 [serial_park_minivault_5x5_4], serial_park_gazebo
          [serial_park_minivault_5x5_6], serial_park_square3
          [serial_park_minivault_5x5_5], basic_altar
D:8:      layout_loops_ring, bloody_trog, kennysheep_mini_moat
D:9:      layout_gridville, david_orc_3, hangedman_little_slice_of_home,
          minmay_fractal_squares_gapless_5
D:10:     layout_cave_pools, erik_lair_island, hangedman_abyss_or_decor_passed,
          uniq_fannar, uniq_harold, uniq_erolcha

Skill      XL: |  1  2  3  4  5  6  7  8  9 10 |
---------------+-------------------------------+-----
Fighting       | 4 5 6 8 13 | 13.1
Stealth        | 2 |  2.0
Armour         | 1 2 3 5 8 |  8.7
Axes           | 5 6 8 9 12 14 | 14.0
Dodging        | 3 |  3.0
Throwing       | 2 3 4 |  4.0
Invocations    | 2 4 |  4.0

Action                   |  1- 3 |  4- 6 |  7- 9 | 10-12 || total
-------------------------+-------+-------+-------+-------++-------
Melee: Hand axe          |   151 |   203 |   433 |   124 ||   911
Throw: Javelin           |       |     8 |    18 |     4 ||    30
       Boomerang         |       |       |     1 |       ||     1
Invok: Convert to Beogh  |       |       |     1 |       ||     1
       Recall Orcish Fol |       |       |     1 |       ||     1
  Use: Potion            |       |     2 |     3 |     1 ||     6
       Scroll            |       |       |     1 |       ||     1
 Stab: Sleeping          |     3 |       |       |       ||     3
       Distracted        |       |       |     1 |     1 ||     2
  Eat: Chunk             |     1 |    10 |     8 |     2 ||    21
       Ration            |       |       |     3 |     2 ||     5
Armor: Robe              |     5 |       |       |       ||     5
       Leather armour    |    22 |       |       |       ||    22
       Chain mail        |    28 |    97 |   161 |    35 ||   321
Dodge: Dodged            |   109 |    60 |   134 |    35 ||   338
       Repelled          |       |       |     2 |     4 ||     6
Block: Other             |       |    24 |    75 |    22 ||   121
       Reflection        |       |       |     4 |     1 ||     5

Table legend:
 A = Non-vault XP
 B = Vault XP
 C = Vault XP percentage of total XP
 D = Non-vault monster count
 E = Vault monster count
 F = Vault count percentage of total count
                 A         B        C        D         E       F
            +---------+---------+-------+---------+---------+-------
      Total |    6306 |    2267 |  26.4 |     226 |      39 |  14.7
            +---------+---------+-------+---------+---------+-------
        D:1 |     102 |      36 |  26.1 |      37 |       1 |   2.6
        D:2 |      71 |       0 |   0.0 |      20 |       0 |   0.0
        D:3 |      56 |       0 |   0.0 |      17 |       0 |   0.0
        D:4 |     433 |     665 |  60.6 |      20 |       2 |   9.1
        D:5 |     344 |     115 |  25.1 |      20 |       6 |  23.1
        D:6 |     674 |       0 |   0.0 |      26 |       0 |   0.0
        D:7 |     604 |     571 |  48.6 |      25 |       9 |  26.5
        D:8 |     674 |       0 |   0.0 |      24 |       0 |   0.0
        D:9 |    2661 |     751 |  22.0 |      31 |      16 |  34.0
       D:10 |     687 |     129 |  15.8 |       6 |       5 |  45.5
            +---------+---------+-------+---------+---------+-------
